TOP OF THE 1ST |
Seattle (APP) Mariners batting - Pitching for Great Falls Voyagers : RHP Allen Speidel
|
Pitching: RHP Allen Speidel
|
|
Batting: SHB Tony Morales
|
0-0: Ball 1-0: Foul Ball, location: 2F 1-1: Ground out U3 (Groundball, 3, EV 80.0 MPH)
|
Batting: RHB Mike Conaway
|
0-0: Called Strike 0-1: Ball 1-1: Called Strike 1-2: SOLO HOME RUN (Line Drive, 9D, EV 103.1 MPH), Distance : 370 ft
|
Batting: LHB Omar Colunga
|
0-0: Called Strike 0-1: Foul Ball, location: 2F 0-2: Strikes out swinging
|
Batting: RHB Chris Olheiser
|
0-0: Ball 1-0: Called Strike 1-1: Ground out 6-3 (Groundball, 6, EV 88.1 MPH)
|
Top of the 1st over - 1 run, 1 hit, 0 errors, 0 left on base; Seattle (APP) 1 - Great Falls 0 |
BOTTOM OF THE 1ST |
Great Falls Voyagers batting - Pitching for Seattle (APP) Mariners : LHP Mitch Lewis
|
Pitching: LHP Mitch Lewis
|
|
Batting: RHB Andy Cotton
|
0-0: Ball 1-0: Ball 2-0: Ball 3-0: Base on Balls
|
Batting: RHB Kasey Bland
|
0-0: Ball 1-0: Foul Ball, location: 2F 1-1: Ball 2-1: Ball 3-1: Base on Balls Andy Cotton to second
|
Batting: LHB Carlos Ramirez
|
0-0: Called Strike 0-1: Swinging Strike 0-2: Ball 1-2: Strikes out looking
|
Batting: RHB Duncan Collins
|
0-0: Called Strike Andy Cotton is caught stealing 3rd base 2-5 Kasey Bland to second 0-1: Foul Ball, location: 2F 0-2: Foul Ball, location: 2F 0-2: Ball 1-2: Strikes out swinging
|
Bottom of the 1st over - 0 runs, 0 hits, 0 errors, 1 left on base; Seattle (APP) 1 - Great Falls 0 |
TOP OF THE 2ND |
Seattle (APP) Mariners batting - Pitching for Great Falls Voyagers : RHP Allen Speidel
|
Batting: RHB Ivan Davila
|
0-0: Called Strike 0-1: Ball 1-1: Called Strike 1-2: Foul Ball, location: 2F 1-2: Ball 2-2: Foul Ball, location: 2F 2-2: Fly out, F8 (Flyball, 8RXD, EV 107.5 MPH)
|
Batting: RHB Chris Van Niel
|
0-0: Ball 1-0: Ball 2-0: Ball 3-0: Base on Balls
|
Batting: RHB Omar Solis
|
0-0: Called Strike 0-1: Ball 1-1: Ball 2-1: SINGLE (Groundball, 34D, EV 104.4 MPH) Chris Van Niel to second Runner from 2nd tries for 3rd, SAFE, throw by RF made to third
|
Batting: RHB John Vasquez
|
0-0: Foul Ball, location: 2F 0-1: Ball 1-1: Foul Ball, location: 2F 1-2: Ball 2-2: Ball 3-2: Strikes out looking
|
Batting: RHB Houston Brock
|
0-0: SINGLE (Line Drive, 34, EV 96.2 MPH) Chris Van Niel scores Omar Solis to second Runner from 2nd tries for 3rd, SAFE, no throw by RF
|
Batting: SHB Tony Morales
|
0-0: Ball 1-0: Ball 2-0: Swinging Strike 2-1: Foul Ball, location: 2F 2-2: Strikes out swinging
|
Top of the 2nd over - 1 run, 2 hits, 0 errors, 2 left on base; Seattle (APP) 2 - Great Falls 0 |
BOTTOM OF THE 2ND |
Great Falls Voyagers batting - Pitching for Seattle (APP) Mariners : LHP Mitch Lewis
|
Batting: LHB Josh Pittman
|
0-0: Ball 1-0: Called Strike 1-1: Foul Ball, location: 2F 1-2: Strikes out swinging
|
Batting: RHB Chris LaMore
|
0-0: Called Strike 0-1: Ball 1-1: Ball 2-1: Ball 3-1: Base on Balls
|
Batting: SHB Matt Childers
|
0-0: Ball 1-0: SINGLE (Line Drive, 9, EV 106.2 MPH) Chris LaMore to second
|
Batting: SHB Jose Romo
|
0-0: Ball 1-0: Called Strike 1-1: Called Strike 1-2: Foul Ball, location: 2F 1-2: Ball 2-2: Strikes out swinging
|
Batting: RHB Riemer de Jonge
|
0-0: Ball Passed Ball! Chris LaMore to third Matt Childers to second 1-0: Ball 2-0: Ball 3-0: Base on Balls
|
Batting: RHB Andy Cotton
|
0-0: Ball 1-0: Called Strike 1-1: Foul Ball, location: 2F 1-2: DOUBLE (Line Drive, 78XD, EV 108.8 MPH) Chris LaMore scores Matt Childers scores Riemer de Jonge to third Runner from 3rd tries for Home, SAFE, throw by LF to home
|
Batting: RHB Kasey Bland
|
0-0: Swinging Strike 0-1: Called Strike 0-2: Ball 1-2: Fly out, F9 (Flyball, 9, EV 79.4 MPH)
|
Bottom of the 2nd over - 3 runs, 2 hits, 0 errors, 1 left on base; Seattle (APP) 2 - Great Falls 3 |
TOP OF THE 3RD |
Seattle (APP) Mariners batting - Pitching for Great Falls Voyagers : RHP Allen Speidel
|
Batting: RHB Mike Conaway
|
0-0: Ball 1-0: Foul Ball, location: 2F 1-1: Bunt missed! 1-2: Strikes out swinging
|
Batting: LHB Omar Colunga
|
0-0: Ball 1-0: Ball 2-0: Ball 3-0: Base on Balls
|
Batting: RHB Chris Olheiser
|
0-0: Called Strike 0-1: SINGLE (Flyball, 78S, EV 88.1 MPH) Omar Colunga to second
|
Batting: RHB Ivan Davila
|
0-0: Ball 1-0: Ball 2-0: Called Strike 2-1: Ball 3-1: Swinging Strike 3-2: Grounds into double play, 5-4-3 (Groundball, 25, EV 82.5 MPH)
|
Top of the 3rd over - 0 runs, 1 hit, 0 errors, 1 left on base; Seattle (APP) 2 - Great Falls 3 |
BOTTOM OF THE 3RD |
Great Falls Voyagers batting - Pitching for Seattle (APP) Mariners : LHP Mitch Lewis
|
Batting: LHB Carlos Ramirez
|
0-0: Ball 1-0: Ball 2-0: Foul Ball, location: 2F 2-1: Foul Ball, location: 2F 2-2: Foul Ball, location: 2F 2-2: Fly out, F7 (Flyball, 7S, EV 89.4 MPH)
|
Batting: RHB Duncan Collins
|
0-0: Called Strike 0-1: Ball 1-1: Ball 2-1: Ball 3-1: Base on Balls
|
Batting: LHB Josh Pittman
|
0-0: Ball 1-0: Called Strike 1-1: Fielders Choice at 2nd, 4-6 (Groundball, 4, EV 111.2 MPH)
|
Batting: RHB Chris LaMore
|
0-0: Ball 1-0: Ball 2-0: Ball 3-0: Base on Balls Josh Pittman to second
|
Batting: SHB Matt Childers
|
0-0: Ball 1-0: Ball 2-0: Ball 3-0: Base on Balls Josh Pittman to third Chris LaMore to second
|
Batting: SHB Jose Romo
|
0-0: Ball 1-0: Called Strike 1-1: Foul Ball, location: 2F 1-2: Ball 2-2: Strikes out looking
|
Bottom of the 3rd over - 0 runs, 0 hits, 0 errors, 3 left on base; Seattle (APP) 2 - Great Falls 3 |
TOP OF THE 4TH |
Seattle (APP) Mariners batting - Pitching for Great Falls Voyagers : RHP Allen Speidel
|
Batting: RHB Chris Van Niel
|
0-0: Swinging Strike 0-1: Ball 1-1: Ball 2-1: Foul Ball, location: 2F 2-2: Strikes out swinging
|
Batting: RHB Omar Solis
|
0-0: Ground out 6-3 (Groundball, 6, EV 82.5 MPH)
|
Batting: RHB John Vasquez
|
0-0: Foul Ball, location: 2F 0-1: Hit by Pitch
|
Batting: RHB Houston Brock
|
0-0: Called Strike 0-1: Ball 1-1: Called Strike 1-2: SINGLE (Flyball, 34D, EV 95.6 MPH) John Vasquez to second Runner from 2nd tries for 3rd, SAFE, throw by RF made to third
|
Batting: SHB Tony Morales
|
0-0: Called Strike 0-1: Ball 1-1: Foul Ball, location: 2F 1-2: Ball 2-2: Strikes out looking
|
Top of the 4th over - 0 runs, 1 hit, 0 errors, 2 left on base; Seattle (APP) 2 - Great Falls 3 |
BOTTOM OF THE 4TH |
Great Falls Voyagers batting - Pitching for Seattle (APP) Mariners : LHP Mitch Lewis
|
Batting: RHB Riemer de Jonge
|
0-0: Called Strike 0-1: Swinging Strike 0-2: Ball 1-2: Strikes out swinging
|
Batting: RHB Andy Cotton
|
0-0: Foul Ball, location: 2F 0-1: Ball 1-1: Ball 2-1: Called Strike 2-2: Foul Ball, location: 2F 2-2: Ball 3-2: Base on Balls
|
Batting: RHB Kasey Bland
|
0-0: Called Strike 0-1: Ball Wild Pitch! Andy Cotton to second 1-1: Foul Ball, location: 2F 1-2: Fly out, F6 (Popup, 6MS, EV 64.4 MPH)
|
Batting: LHB Carlos Ramirez
|
0-0: Swinging Strike 0-1: Ball 1-1: Foul Ball, location: 2F 1-2: Strikes out looking
|
Bottom of the 4th over - 0 runs, 0 hits, 0 errors, 1 left on base; Seattle (APP) 2 - Great Falls 3 |
TOP OF THE 5TH |
Seattle (APP) Mariners batting - Pitching for Great Falls Voyagers : RHP Allen Speidel
|
Batting: RHB Mike Conaway
|
0-0: Foul Ball, location: 2F 0-1: Ball 1-1: Fly out, F9 (Flyball, 89M, EV 91.2 MPH)
|
Pitching: LHP Jeremy Soliday
|
|
Batting: LHB Omar Colunga
|
0-0: Called Strike 0-1: Fly out, F7 (Line Drive, 7D, EV 93.1 MPH)
|
Batting: RHB Chris Olheiser
|
0-0: Called Strike 0-1: Ball 1-1: Ball 2-1: Called Strike 2-2: SOLO HOME RUN (Flyball, 7LD, EV 95.0 MPH), Distance : 358 ft
|
Batting: RHB Ivan Davila
|
0-0: SINGLE (Groundball, 4D, EV 96.2 MPH)
|
Batting: RHB Chris Van Niel
|
0-0: Called Strike 0-1: Swinging Strike 0-2: Ball 1-2: SINGLE (Groundball, 3D, EV 104.4 MPH) Ivan Davila to second Runner from 2nd tries for 3rd, SAFE, throw by RF made to third
|
Batting: RHB Omar Solis
|
0-0: Ground out U3 (Groundball, 3, EV 88.1 MPH)
|
Top of the 5th over - 1 run, 3 hits, 0 errors, 2 left on base; Seattle (APP) 3 - Great Falls 3 |
BOTTOM OF THE 5TH |
Great Falls Voyagers batting - Pitching for Seattle (APP) Mariners : LHP Mitch Lewis
|
Batting: RHB Duncan Collins
|
0-0: Ball 1-0: Swinging Strike 1-1: Called Strike 1-2: Foul Ball, location: 2F 1-2: Foul Ball, location: 2F 1-2: Strikes out swinging
|
Pitching: RHP Jose Rios
|
|
Batting: LHB Josh Pittman
|
0-0: Ball 1-0: Ball 2-0: Ball 3-0: Base on Balls
|
Batting: RHB Chris LaMore
|
0-0: Ball 1-0: Called Strike 1-1: Foul Ball, location: 2F 1-2: Foul Ball, location: 2F 1-2: Strikes out swinging
|
Batting: SHB Matt Childers
|
0-0: Foul Ball, location: 2F 0-1: Ball 1-1: Ball 2-1: Foul Ball, location: 2F 2-2: Foul Ball, location: 2F 2-2: Ball 3-2: Fly out, F8 (Flyball, 8RS, EV 85.6 MPH)
|
Bottom of the 5th over - 0 runs, 0 hits, 0 errors, 1 left on base; Seattle (APP) 3 - Great Falls 3 |
TOP OF THE 6TH |
Seattle (APP) Mariners batting - Pitching for Great Falls Voyagers : LHP Jeremy Soliday
|
Batting: RHB John Vasquez
|
0-0: Called Strike 0-1: Foul Ball, location: 2F 0-2: Ball 1-2: Ball 2-2: Ball 3-2: Base on Balls
|
Batting: RHB Houston Brock
|
0-0: Ball 1-0: Ball 2-0: Foul Ball, location: 2F 2-1: Foul Ball, location: 2F 2-2: Strikes out looking
|
Batting: SHB Tony Morales
|
0-0: Ball 1-0: Ball 2-0: Called Strike 2-1: Foul Ball, location: 2F 2-2: Strikes out swinging
|
Pitching: RHP Maury Compson
|
|
Batting: RHB Mike Conaway
|
0-0: Ball 1-0: Called Strike 1-1: Ball 2-1: Fielders Choice at 2nd, 5-4 (Groundball, 5, EV 89.4 MPH)
|
Top of the 6th over - 0 runs, 0 hits, 0 errors, 1 left on base; Seattle (APP) 3 - Great Falls 3 |
BOTTOM OF THE 6TH |
Great Falls Voyagers batting - Pitching for Seattle (APP) Mariners : RHP Jose Rios
|
Batting: SHB Jose Romo
|
0-0: Called Strike 0-1: Fly out, F4 (Popup, 34D, EV 58.8 MPH)
|
Batting: RHB Riemer de Jonge
|
0-0: SOLO HOME RUN (Flyball, 7LD, EV 97.5 MPH), Distance : 350 ft
|
Batting: RHB Andy Cotton
|
0-0: Ball 1-0: Ground out 4-3 (Groundball, 4, EV 78.8 MPH)
|
Batting: RHB Kasey Bland
|
0-0: Foul Ball, location: 2F 0-1: Ball 1-1: Ground out 5-3 (Groundball, 56S, EV 91.9 MPH)
|
Bottom of the 6th over - 1 run, 1 hit, 0 errors, 0 left on base; Seattle (APP) 3 - Great Falls 4 |
TOP OF THE 7TH |
Seattle (APP) Mariners batting - Pitching for Great Falls Voyagers : RHP Maury Compson
|
Batting: LHB Omar Colunga
|
0-0: Ball 1-0: Ball 2-0: Ground out 4-3 (Groundball, 4D, EV 81.2 MPH)
|
Batting: RHB Chris Olheiser
|
0-0: Ball 1-0: SINGLE (Line Drive, 78D, EV 106.2 MPH)
|
Batting: RHB Ivan Davila
|
0-0: Ball 1-0: Foul Ball, location: 2F 1-1: Ball 2-1: Swinging Strike 2-2: SINGLE (Groundball, 56, EV 103.8 MPH) (infield hit) Chris Olheiser to second
|
Batting: RHB Chris Van Niel
|
0-0: Ball 1-0: Foul Ball, location: 2F 1-1: Fielders Choice at 2nd, 6-4 (Groundball, 6M, EV 106.2 MPH) Chris Olheiser to third
|
Pinch Hitting: RHB Tze-meng Li
|
0-0: Ball 1-0: Ground out 5-3 (Groundball, 56S, EV 86.9 MPH)
|
Top of the 7th over - 0 runs, 2 hits, 0 errors, 2 left on base; Seattle (APP) 3 - Great Falls 4 |
BOTTOM OF THE 7TH |
Great Falls Voyagers batting - Pitching for Seattle (APP) Mariners : RHP Jose Rios
|
Pitching: LHP Ed Gilroy
|
|
Now at 3B: Tze-meng Li
|
|
Now at SS: Chris Van Niel
|
|
Batting: LHB Carlos Ramirez
|
0-0: Ball 1-0: Called Strike 1-1: Called Strike 1-2: Strikes out looking
|
Pitching: RHP Matt Lane
|
|
Batting: RHB Duncan Collins
|
0-0: Foul Ball, location: 2F 0-1: Ball 1-1: Ball 2-1: Foul Ball, location: 2F 2-2: Foul Ball, location: 2F 2-2: Fly out, F4 (Line Drive, 4, EV 71.2 MPH)
|
Batting: LHB Josh Pittman
|
0-0: Swinging Strike 0-1: Foul Ball, location: 2F 0-2: Ball 1-2: Ball 2-2: DOUBLE (Flyball, 78XD, EV 91.9 MPH)
|
Batting: RHB Chris LaMore
|
0-0: SINGLE (Groundball, 13, EV 86.9 MPH) (infield hit) Josh Pittman to third
|
Batting: SHB Matt Childers
|
0-0: Called Strike 0-1: Called Strike 0-2: Foul Ball, location: 2F 0-2: Ball 1-2: Foul Ball, location: 2F 1-2: Foul Ball, location: 2F 1-2: Ball 2-2: Foul Ball, location: 2F 2-2: DOUBLE (Flyball, 89XD, EV 104.4 MPH) Josh Pittman scores Chris LaMore to third Runner from 3rd tries for Home, SAFE, throw by CF to home
|
Batting: SHB Jose Romo
|
0-0: Called Strike 0-1: Foul Ball, location: 2F 0-2: Fly out, F8 (Line Drive, 8LD, EV 85.0 MPH)
|
Bottom of the 7th over - 2 runs, 3 hits, 0 errors, 1 left on base; Seattle (APP) 3 - Great Falls 6 |
TOP OF THE 8TH |
Seattle (APP) Mariners batting - Pitching for Great Falls Voyagers : RHP Maury Compson
|
Now in LF: Vic Lucatero
|
|
Now in RF: Josh Newby
|
|
Batting: RHB John Vasquez
|
0-0: Ground out 5-3 (Groundball, 5S, EV 70.6 MPH)
|
Batting: RHB Houston Brock
|
0-0: SINGLE (Groundball, 25, EV 70.0 MPH) (infield hit)
|
Batting: SHB Tony Morales
|
0-0: Called Strike 0-1: Called Strike 0-2: Ball 1-2: Foul Ball, location: 2F 1-2: Strikes out swinging
|
Batting: RHB Mike Conaway
|
0-0: Ball 1-0: Foul Ball, location: 2F 1-1: Ball 2-1: Ground out 4-3 (Groundball, 4, EV 105.6 MPH)
|
Top of the 8th over - 0 runs, 1 hit, 0 errors, 1 left on base; Seattle (APP) 3 - Great Falls 6 |
BOTTOM OF THE 8TH |
Great Falls Voyagers batting - Pitching for Seattle (APP) Mariners : RHP Matt Lane
|
Pitching: RHP Jace Daniels
|
|
Batting: RHB Riemer de Jonge
|
0-0: Swinging Strike 0-1: Ball 1-1: Fly out, F8 (Flyball, 89XD, EV 89.4 MPH)
|
Batting: RHB Andy Cotton
|
0-0: Ball 1-0: Swinging Strike 1-1: Ball 2-1: Ball 3-1: Base on Balls
|
Batting: RHB Kasey Bland
|
0-0: Ball Andy Cotton is caught stealing 2nd base 2-4 1-0: Called Strike 1-1: Ball 2-1: Foul Ball, location: 2F 2-2: Strikes out swinging
|
Bottom of the 8th over - 0 runs, 0 hits, 0 errors, 0 left on base; Seattle (APP) 3 - Great Falls 6 |
TOP OF THE 9TH |
Seattle (APP) Mariners batting - Pitching for Great Falls Voyagers : RHP Maury Compson
|
Pitching: LHP Silas Chartier
|
|
Batting: LHB Omar Colunga
|
0-0: Called Strike 0-1: Called Strike 0-2: Ball 1-2: Strikes out swinging
|
Batting: RHB Chris Olheiser
|
0-0: Ball 1-0: SINGLE (Groundball, 34D, EV 95.6 MPH)
|
Batting: RHB Ivan Davila
|
0-0: Ball 1-0: Ball 2-0: Ball 3-0: Base on Balls Chris Olheiser to second
|
Batting: RHB Chris Van Niel
|
0-0: Called Strike 0-1: Foul Ball, location: 2F 0-2: Foul Ball, location: 2F 0-2: Ball 1-2: Ball 2-2: Foul Ball, location: 2F 2-2: Ball Wild Pitch! Chris Olheiser to third Ivan Davila to second 3-2: Strikes out swinging
|
Batting: RHB Tze-meng Li
|
0-0: Ball 1-0: Called Strike 1-1: Ball 2-1: Ball 3-1: Base on Balls
|
Batting: RHB John Vasquez
|
0-0: Ground out 3-1 (Groundball, 34S, EV 91.9 MPH)
|
Top of the 9th over - 0 runs, 1 hit, 0 errors, 3 left on base; Seattle (APP) 3 - Great Falls 6 |
|